 Dungeon Crawl Stone Soup version 0.28.0-53-g5a82cb258f (webtiles) character file.

Game seed: 15358432336609329135

58 ZappyNine the Skirmisher (level 4, -2/50 HPs)
             Began as an Ogre Fighter on May 28, 2022.
             Splashed by a jelly's acid (9 damage)
             ... on level 3 of the Dungeon.
             The game lasted 00:01:38 (2172 turns).

ZappyNine the Skirmisher (Ogre Fighter)             Turns: 2172, Time: 00:01:38

Health: -2/50      AC: -1    Str: 22    XL:     4   Next: 1%
Magic:  4/4        EV:  8    Int:  9    God:
Gold:   101        SH:  7    Dex:  8    Spells: 3/3 levels left

rFire   . . .      SeeInvis .   a - +0 flail
rCold   . . .      Faith    .   c - +0 kite shield
rNeg    . . .      Spirit   .   b - +0 robe
rPois   .          Reflect  .   (helmet restricted)
rElec   .          Harm     .   (no cloak)
rCorr   .          Rampage  .   (gloves unavailable)
Will    .....                   (boots unavailable)
Stlth   +.........              (no amulet)
HPRegen 0.16/turn               (no ring)
MPRegen 0.09/turn               (no ring)

@: corroded
A: large, unfitting armour, tough skin 1
a: no special abilities


You were on level 3 of the Dungeon.
You visited 1 branch of the dungeon, and saw 3 of its levels.

You collected 101 gold pieces.

Inventory:

Hand Weapons
 a - a +0 flail (weapon)
Missiles
 k - 2 javelins (quivered)
Armour
 b - a +0 robe (worn)
 c - a +0 kite shield (worn)
Jewellery
 l - a ring of see invisible
Wands
 i - a wand of mindburst (13)
Scrolls
 e - 2 scrolls of fog {unknown}
 g - 2 scrolls of identify {unknown}
 h - a scroll of silence {unknown}
 j - a scroll of enchant armour {unknown}
 m - a scroll of teleportation {unknown}
Potions
 d - a potion of might
 f - 2 potions of brilliance {unknown}


   Skills:
 * Level 5.0 Fighting
 + Level 2.3 Maces & Flails
 + Level 0.6 Throwing
 + Level 3.1 Dodging
 - Level 2.8 Shields


You had 3 spell levels left.
You didn't know any spells.
Your spell library was empty.

Dungeon Overview and Level Annotations

Branches:
Dungeon (3/15)

Altars:
Xom

Shops:
D:1 (

Annotations:
D:3 Grinder


Innate Abilities, Weirdness & Mutations

You are too large for most types of armour.
You have tough skin. (AC +1)


Message History

The kobold shouts!
The goblin completely misses you.
The endoplasm jiggles.
You see here 10 gold pieces.
Throw: 5 javelins
Press: ? - help, Q - select action, (/) - cycle Shift-Dir - straight line, f - kobold
Aim: a kobold, wielding a +0 club and quivering stones (47% to hit)
You throw a javelin. The javelin pierces through the jelly.
The jelly is moderately wounded.
The javelin closely misses the kobold.
The javelin barely misses the rat.
The javelin pierces through the ball python!
You kill the ball python!
The jelly hits you.
You are splashed with acid!
The goblin closely misses you. The jelly hits you.
You are splashed with acid!
The goblin hits you with a +0 dagger.
Unknown command.
Unknown command.
Throw: 4 javelins
Press: ? - help, Q - select action, (/) - cycle Shift-Dir - straight line, f/p - kobold
Aim: a kobold, wielding a +0 club and quivering stones (47% to hit)
You throw a javelin. The javelin pierces through the jelly.
The jelly is heavily wounded.
The javelin pierces through the kobold!
You kill the kobold!
The javelin pierces through the endoplasm!
You kill the endoplasm!
The jelly hits you. The acid corrodes you!
You are splashed with acid!
* * * LOW HITPOINT WARNING * * *
You block the goblin's attack.
You have reached level 4!
Throw: 3 javelins
Press: ? - help, Q - select action, (/) - cycle Shift-Dir - straight line, f - jelly
Aim: a jelly (heavily wounded, 89% to hit)
You throw a javelin. The javelin barely misses the jelly.
The javelin pierces through the goblin but does no damage.
The javelin pierces through the rat but does no damage.
The jelly hits you.
* * * LOW HITPOINT WARNING * * *
You are splashed with acid!
You die...

##########
##..<##...##
##......)...##
#............#
#......(.....#
#............# ..
##..........## .
#. ##...#....## ..
#. ##@##.#### ...
#. #J##.# .... #.
##g##.#
.....#.#####.r##.#
........#........#
..(....).$.......#
...####..........#
#.##.#.(......
........##.###.


You could see a jelly, a goblin and a rat.

Vanquished Creatures
  2 adders (D:2)
  A dart slug (D:2)
  A ball python (D:3)
  3 endoplasms
  2 giant cockroaches
  5 goblins
  2 hobgoblins
  4 jackals (D:1)
  4 kobolds
  2 quokkas
  A bat (D:2)
  5 frilled lizards
  4 rats (D:1)
36 creatures vanquished.

Notes
Turn   | Place    | Note
-------+----------+-------------------------------------------
     0 | D:1      | ZappyNine the Ogre Fighter began the quest for the Orb.
     0 | D:1      | Reached XP level 1. HP: 24/24 MP: 1/1
   395 | D:1      | Reached XP level 2. HP: 22/32 MP: 2/2
   924 | D:1      | Found Fuqag's Antique Weapon Boutique.
  1272 | D:2      | Reached XP level 3. HP: 33/40 MP: 3/3
  1541 | D:2      | Found a shimmering altar of Xom.
  1798 | D:2      | Reached skill level 5 in Fighting
  2112 | D:3      | Noticed Grinder
  2166 | D:3      | Reached XP level 4. HP: 7/50 MP: 4/4
  2172 | D:3      | Splashed by a jelly's acid

Illustrated notes

Levels and vault maps discovered:
D:1:      nagdon_arrival_double_spiral, layout_basic, serial_shops, shop,
          minmay_statues_item, minmay_fountain_box
D:2:      layout_basic, basic_altar
D:3:      layout_rooms, grunt_temple_overflow_bloody_war, dk_yredelemnul_ordeal,
          nicolae_vehumet_altar_sigil, uniq_grinder

Skill      XL: |  1  2  3 |
---------------+----------+-----
Maces & Flails | 2 |  2.3
Dodging        | 3 |  3.1
Fighting       | 5 |  5.0
Throwing       | |  0.6
Shields        | |  2.8

Action                   |  1- 3 |  4- 6 || total
-------------------------+-------+-------++-------
Melee: Flail             |   114 |       ||   114
Throw: Javelin           |     2 |     1 ||     3
Armor: Robe              |    37 |       ||    37
Dodge: Dodged            |    60 |       ||    60
Block: Kite shield       |    47 |       ||    47
